 Dungeon Crawl Stone Soup version 0.16.1-4-g8e1b745 (webtiles) character file.

264 inmateoo the Cudgeler (level 6, 0/62 (66) HPs)
             Began as an Ogre Berserker on Mar 26, 2015.
             Was a Follower of Ru.
             Slain by a black bear (6 damage)
             ... created by the rage of Trog
             ... on level 3 of the Dungeon.
             The game lasted 00:05:17 (2644 turns).

inmateoo the Cudgeler (Ogre Berserker)              Turns: 2644, Time: 00:05:18

HP:   0/62 (66)     AC:  4    Str: 24    XL:     6   Next: 19%
MP:   6/6           EV: 16    Int:  6    God:    Ru [*.....]
Gold: 176           SH:  0    Dex: 16    Spells: 0 memorised, 5 levels left

rFire  . . .     SeeInvis .     p - +0 flail
rCold  . . .     Clarity  .     b - +0 animal skin
rNeg   . . .     SustAb   .     (shield restricted)
rPois  .         Gourm    .     (helmet restricted)
rElec  .         Spirit   .     i - +0 cloak
rCorr  .         Warding  .     (gloves unavailable)
rMut   .         Stasis   .     (boots unavailable)
MR     .....                    n - amulet of regeneration
Stlth  +.........               y - +6 ring of dexterity
                                B - +5 ring of evasion

@: not resistant to hostile enchantments, very unstealthy
A: unfitting armour, tough skin 1, hated by all
a: Renounce Religion


You were on level 3 of the Dungeon.
You worshipped Ru.
Ru was aware of your devotion.
You were very hungry.

You visited 1 branch of the dungeon, and saw 4 of its levels.
You also visited: Sewer.

You collected 176 gold pieces.

Inventory:

Hand weapons
 p - a +0 flail (weapon)
Armour
 b - a +0 animal skin (worn)
 i - a +0 cloak (worn)
Jewellery
 d - a +4 ring of dexterity
 n - an amulet of regeneration (around neck)
 y - a +6 ring of dexterity (right hand)
 B - a +5 ring of evasion (left hand)
 D - an uncursed amulet of the gourmand {unknown}
Scrolls
 g - 2 scrolls of noise
 h - a scroll of blinking {unknown}
 o - a scroll of teleportation {unknown}
 u - a scroll of amnesia {unknown}
 v - a scroll of fear {unknown}
 w - 3 scrolls of identify {unknown}
 A - 2 scrolls of fog {unknown}
 C - a scroll of remove curse {unknown}
Potions
 a - 3 potions of curing {unknown}
 e - a potion of haste {unknown}
 f - a potion of lignification {unknown}
 k - a potion of poison {unknown}
 l - 7 potions of heal wounds {unknown}
 q - 2 potions of flight {unknown}
 r - a potion of might {unknown}
 s - a potion of agility {unknown}
 t - 4 potions of brilliance {unknown}
 x - 2 potions of ambrosia {unknown}
 z - a potion of magic {unknown}
Comestibles
 c - a meat ration
 j - 2 bread rations
 m - 2 slices of pizza


   Skills:
 + Level 5.1 Fighting
 * Level 6.3 Maces & Flails
 + Level 1.3 Throwing
 + Level 2.7 Armour
 + Level 2.7 Dodging


You had 5 spell levels left.
You didn't know any spells.

Dungeon Overview and Level Annotations

Branches:
Dungeon (4/15)
 Temple: D:4-7

Altars:
Cheibriados
Dithmenos
Ru
Sif Muna


Innate Abilities, Weirdness & Mutations

You are too large for most types of armour.
You have tough skin (AC +1).
You are hated by all.


Message History

You climb upwards.
There is a stone staircase leading down here.
Unknown command.
Unknown command.
Unknown command.
The gnoll closely misses you. The polar bear misses you.
The polar bear completely misses you. The polar bear barely misses you.
The black bear bites you!
* * * LOW HITPOINT WARNING * * *
The black bear claws you.
* * * LOW HITPOINT WARNING * * *
The black bear closely misses you. The gnoll barely misses you.
Read which item? (? for menu, Esc to quit)
As you read the scroll labeled BYLAP FOEFUUP, it crumbles to dust.
You hear a loud clanging noise!
It was a scroll of noise.
The polar bear barely misses you.
The polar bear claws you but does no damage.
The polar bear completely misses you. The black bear completely misses you.
The black bear claws you.
You die...

......#...## #.......##.....###..
.....###..## #.###...# 8...8 #...
.....##....###.#.#.### ##_## ##..
.....................# #######..
............[.....#### #.##.....
#.(...#...#..........####.#####..
.....###..........##.............
#....# ##......hhg###########...(
#....# ##.....g@.## ##...( #.####
#.##......#########....( #...#
#.#.................#...
###.######........).)###########.
.....................### #(
..#รท)####..............# #####.
#........<#..........#.#####....)
..........#..........#..).##.....
#........###........#####........


You could see a polar bear (berserk), a black bear (berserk) and 2 gnolls.

Vanquished Creatures
  An orc wizard (D:3)
  Jessica (D:2)
  5 gnolls
  4 adders
  2 giant mites
  4 worms
  2 giant geckos
  3 orcs (D:3)
  13 bats
  3 giant cockroaches
  8 goblins
  6 hobgoblins
  25 kobolds
  4 ball pythons
  8 giant newts
  9 jackals (D:1)
  6 rats
104 creatures vanquished.

Notes
Turn   | Place    | Note
--------------------------------------------------------------
     0 | D:1      | inmateoo, the Ogre Berserker, began the quest for the Orb.
     0 | D:1      | Reached XP level 1. HP: 24/24 MP: 1/1
    64 | D:1      | Reached XP level 2. HP: 28/32 MP: 2/2
   243 | D:1      | Acquired Trog's second power
   247 | D:1      | Reached skill level 5 in Maces & Flails
   263 | D:1      | Reached XP level 3. HP: 24/39 MP: 3/3
   677 | D:2      | Noticed Jessica
   696 | D:2      | Killed Jessica
   696 | D:2      | Reached XP level 4. HP: 36/49 MP: 4/4
   869 | D:2      | Found a sacrificial altar of Ru.
   921 | D:2      | Fell from the grace of Trog
   921 | D:2      | Became a worshipper of Ru the Awakened
  1072 | D:2      | Reached XP level 5. HP: 46/55 MP: 5/5
  1210 | D:3      | Found a glowing drain.
  1217 | Sewer    | Entered a sewer
  1456 | Sewer    | Reached skill level 1 in Throwing
  1491 | Sewer    | Reached skill level 6 in Maces & Flails
  1707 | D:3      | Found a snail-covered altar of Cheibriados.
  1710 | D:3      | Found a deep blue altar of Sif Muna.
  1909 | D:3      | Reached skill level 5 in Fighting
  1909 | D:3      | Reached XP level 6. HP: 50/62 MP: 6/6
  2089 | D:3      | Found a shadowy altar of Dithmenos.
  2090 | D:3      | Gained mutation: You are hated by all. [Ru sacrifice]
  2090 | D:3      | Acquired Ru's first power
  2519 | D:4      | Noticed a polar bear
  2519 | D:4      | Noticed a polar bear
  2644 | D:3      | Slain by a black bear

Action                   |  1- 3 |  4- 6 || total
-------------------------+-------+-------++-------
Melee: Mace              |    86 |    51 ||   137
       Flail             |       |   174 ||   174
Invok: Sacrifice Love    |       |     1 ||     1
  Use: Scroll            |       |     1 ||     1
  Eat: Chunk             |       |     7 ||     7
